 Dungeon Crawl Stone Soup version 0.22-a0-443-g17c3723 (webtiles) character file.

49 Gorglomux the Skirmisher (level 3, 0/24 HPs)
             Began as a Gargoyle Berserker on June 1, 2018.
             Was a Follower of Trog.
             Slain by a sky beast (2 damage)
             ... on level 3 of the Dungeon.
             The game lasted 00:00:28 (656 turns).

Gorglomux the Skirmisher (Gargoyle Berserker)        Turns: 656, Time: 00:00:29

Health: 0/24       AC:  5    Str: 21    XL:     3   Next: 77%
Magic:  3/3        EV: 12    Int:  7    God:    Trog [*.....]
Gold:   0          SH:  0    Dex:  9    Spells: 2/2 levels left

rFire    . . .     SeeInvis .   a - +0 hand axe
rCold    . . .     Gourm    .   (no shield)
rNeg     + . .     Faith    .   b - +0 animal skin
rPois    ∞         Spirit   .   (no helmet)
rElec    +         Reflect  .   (no cloak)
rCorr    .         Harm     .   (no gloves)
MR       .....                  (no boots)
Stlth    +.........             (no amulet)
HPRegen  0.08/turn              (no ring)
MPRegen  0.08/turn              (no ring)

@: berserk cooldown, slowed, very slow
A: negative energy resistance 1, electricity resistance, unbreathing,
petrification resistance, rot immunity, AC +3
a: Berserk, Renounce Religion


You were on level 3 of the Dungeon.
You worshipped Trog.
Trog was aware of your devotion.
You were not hungry.

You visited 1 branch of the dungeon, and saw 3 of its levels.

Inventory:

Hand Weapons
 a - a +0 hand axe (weapon)
Armour
 b - a +0 animal skin (worn)
Comestibles
 c - 2 rations
 d - a chunk of flesh


   Skills:
 + Level 3.9 Fighting
 + Level 3.3 Axes
 + Level 3.0 Armour
 - Level 1.5 Dodging


You had 2 spell levels left.
You didn't know any spells.
Your spell library was empty.

Dungeon Overview and Level Annotations

Branches:
Dungeon (3/15)

Altars:


Innate Abilities, Weirdness & Mutations

You are resistant to torment.
Your stone body is resilient. (AC +3)
You are immune to poison.
You resist negative energy. (rN+)
You are resistant to electric shocks. (rElec)
You can survive without breathing.
You are immune to petrification.
You are immune to rotting.


Message History

Something hits you! * * * don't die
* * * Something shocks you!
You resist! * * * don't die
* * * Unknown command!
A sky beast appears butt thin air!!!
Reactivating autopickup!
Found a ration!
The sky beast flickers out of sight!!!
Deactivating autopickup; reactivate with Ctrl-A!
Something hits butt! * * * don't die
* * * Something shocks you!
You resist! * * * don't die
* * * Something hits you but does no damage!
Found a longbow!
Something hits you! * * * don't die
* * * Something shocks butt!
You resist! butt

############
#########..........##
........+....).?...<#
#......#...†..†...##
#.....@...............#
#.....%................
#...%..$.##############
#.......## +.......#
#.......# ##...##)#
#... #.#


There were no monsters in sight!

Vanquished Creatures
  2 adders
  3 dart slugs
  2 leopard geckos
  An orc (D:3)
  4 bats
  2 giant cockroaches
  3 hobgoblins
  3 jackals (D:1)
  A kobold (D:1)
  A goblin (D:1)
22 creatures vanquished.

Notes
Turn   | Place    | Note
-------+----------+-------------------------------------------
     0 | D:1      | Gorglomux the Gargoyle Berserker began the quest for the Orb.
     0 | D:1      | Reached XP level 1. HP: 14/14 MP: 1/1
    15 | D:1      | Reached XP level 2. HP: 10/19 MP: 2/2
   211 | D:1      | Reached skill level 3 in Axes
   291 | D:2      | Reached XP level 3. HP: 15/24 MP: 3/3
   470 | D:3      | Reached skill level 3 in Armour
   634 | D:3      | Noticed a sky beast
   656 | D:3      | Slain by a sky beast

Vault maps used:
D:1:      minmay_arrival_three_doors
D:2:      lemuel_doored_altar, chequers_ecumenical_altar_simple_redux
D:3:      kb_forest_paths, first_ration, minmay_rat_hole

Skill      XL: |  1  2  3 |
---------------+----------+-----
Axes           | 3 |  3.3
Armour         | 3 |  3.0
Fighting       | |  3.9
Dodging        | |  1.5

Action                   || total
-------------------------++-------
Melee: Hand axe          ||    69
Invok: Berserk           ||     1
 Stab: Sleeping          ||     1
Armor: Animal skin       ||    51
Dodge: Dodged            ||    86

Table legend:
 A = Spawn XP
 B = Non-spawn XP
 C = Spawn XP percentage of total XP
 D = Spawn monster count
 E = Non-spawn monster count
 F = Spawn count percentage of total count
 G = Total turns spent on level
                    A         B        C        D         E        F      G
               +---------+---------+-------+---------+---------+-------+---------
         Total |       0 |      71 |   0.0 |       0 |      22 |   0.0 |   656
               +---------+---------+-------+---------+---------+-------+---------
           D:1 |       0 |      28 |   0.0 |       0 |      13 |   0.0 |   226
           D:2 |       0 |      17 |   0.0 |       0 |       2 |   0.0 |   228
           D:3 |       0 |      26 |   0.0 |       0 |       7 |   0.0 |   202
               +---------+---------+-------+---------+---------+-------+---------
